 Dungeon Crawl Stone Soup version 0.21-a0-471-gd587bd5 (webtiles) character file.

9 vineage the Skirmisher (level 2, -1/24 HPs)
             Began as a Demonspawn Fighter on Nov 21, 2017.
             Slain by an ooze (4 damage)
             ... on level 2 of the Dungeon.
             The game lasted 00:01:38 (950 turns).

vineage the Skirmisher (Demonspawn Fighter)          Turns: 950, Time: 00:01:39

Health: -1/24      AC: 11    Str: 16    XL:     2   Next: 3%
Magic:  2/2        EV:  2    Int:  9    God:
Gold:   20         SH:  8    Dex: 12    Spells: 1/1 levels left

rFire    . . .     SeeInvis .   a - +0 flail
rCold    . . .     Gourm    .   c - +0 shield
rNeg     . . .     Faith    .   m - +0 plate armour
rPois    .         Spirit   .   (no helmet)
rElec    .         Reflect  .   (no cloak)
rCorr    .         Harm     .   (no gloves)
MR       .....                  (no boots)
Stlth    ..........             i - amulet of rage
HPRegen  0.08/turn              (no ring)
MPRegen  0.08/turn              (no ring)

@: no status effects
A: nightstalker 1
a: Evoke Berserk Rage


You were on level 2 of the Dungeon.
You were not hungry.

You visited 1 branch of the dungeon, and saw 2 of its levels.

You collected 20 gold pieces.

Inventory:

Hand Weapons
 a - a +0 flail (weapon)
Armour
 b - a +0 scale mail
 c - a +0 shield (worn)
 m - a +0 plate armour (worn)
Jewellery
 i - an amulet of rage (around neck)
 n - an uncursed amulet of regeneration {unknown}
Scrolls
 e - a scroll of blinking {unknown}
 h - a scroll of enchant weapon {unknown}
 j - a scroll of random uselessness {unknown}
 o - a scroll of teleportation {unknown}
Potions
 d - a potion of might
 k - a potion of heal wounds {unknown}
 l - a potion of mutation {unknown}
Comestibles
 f - a bread ration
 g - 2 royal jellies


   Skills:
 - Level 3.0 Fighting
 + Level 2.5 Maces & Flails
 - Level 2.6 Armour
 - Level 2.6 Shields


You had one spell level left.
You didn't know any spells.

Dungeon Overview and Level Annotations

Branches:
Dungeon (2/15)

Altars:


Innate Abilities, Weirdness & Mutations

You are slightly more attuned to the shadows.


Message History

The hobgoblin hits you but does no damage.
The dart slug launches a dart at you. You block the slug dart.
You block the hobgoblin's attack.
The hobgoblin hits you but does no damage.
An ooze comes into view.
The ooze quivers.
The dart slug bites you but does no damage.
The ooze moves out of view.
The hobgoblin hits you.
* * * LOW HITPOINT WARNING * * *
You block the dart slug's attack.
The hobgoblin hits you but does no damage.
The dart slug bites you but does no damage.
The hobgoblin hits you.
* * * LOW HITPOINT WARNING * * *
The hobgoblin hits you but does no damage.
The dart slug launches a dart at you. The slug dart hits you!
* * * LOW HITPOINT WARNING * * *
The ooze hits you.
You die...

.. #.. ##..
##...#
.....######
#.......##
#w@J....####
#.g##.....).
.....
#.......
##...#
#....###
##..
#....###.
#..
#<....... ..
#..##(##.
#.<# .#
#........


You could see an ooze, a dart slug and a hobgoblin.

Vanquished Creatures
  A giant cockroach (D:1)
  A goblin (D:1)
  A ball python (D:1)
  2 bats (D:1)
  4 kobolds (D:1)
  A rat (D:1)
10 creatures vanquished.

Notes
Turn   | Place    | Note
-------+----------+-------------------------------------------
     0 | D:1      | vineage the Demonspawn Fighter began the quest for the Orb.
     0 | D:1      | Reached XP level 1. HP: 18/18 MP: 1/1
   730 | D:1      | Gained mutation: You are slightly more attuned to the shadows. [demonic ancestry]
   730 | D:1      | Reached XP level 2. HP: 18/24 MP: 2/2
   950 | D:2      | Slain by an ooze

Vault maps used:
D:1:      dpeg_arrival_lava_temple_mockup
D:2:      nicolae_dithmenos_shadow_blocks

Skill      XL: |  1 |
---------------+----+-----
Maces & Flails | 2 |  2.5
Fighting       | |  3.0
Armour         | |  2.6
Shields        | |  2.6

Action                   || total
-------------------------++-------
Melee: Flail             ||    48
Armor: Plate armour      ||    66
       Scale mail        ||    17
Dodge: Dodged            ||    19
Block: Shield            ||    67

Table legend:
 A = Spawn XP
 B = Non-spawn XP
 C = Spawn XP percentage of total XP
 D = Spawn monster count
 E = Non-spawn monster count
 F = Spawn count percentage of total count
 G = Total turns spent on level
                    A         B        C        D         E        F      G
               +---------+---------+-------+---------+---------+-------+---------
         Total |       0 |      13 |   0.0 |       0 |      10 |   0.0 |   950
               +---------+---------+-------+---------+---------+-------+---------
           D:1 |       0 |      13 |   0.0 |       0 |      10 |   0.0 |   878
               +---------+---------+-------+---------+---------+-------+---------
